 Dungeon Crawl Stone Soup version 0.17.1-3-g152610e (webtiles) character file.

236 kaze the Covered (level 5, -2/42 HPs)
             Began as a Demonspawn Fighter on Apr 12, 2016.
             Slain by a gnoll
             ... wielding a +0 halberd
              (6 damage)
             ... on level 2 of the Dungeon.
             The game lasted 00:02:15 (1874 turns).

kaze the Covered (Demonspawn Fighter)               Turns: 1874, Time: 00:02:15

Health: -2/42      AC:  7    Str: 17    XL:     5   Next: 77%
Magic:  5/5        EV:  7    Int: 14    God:
Gold:   96         SH:  9    Dex: 12    Spells: 0 memorised, 4 levels left

rFire  . . .     SeeInvis .     a - +0 flail
rCold  . . .     Clarity  .     b - +0 scale mail
rNeg   . . .     SustAt   .     c - +0 shield
rPois  .         Gourm    .     (no helmet)
rElec  .         Spirit   .     (no cloak)
rCorr  .         Warding  .     (no gloves)
rMut   .         Stasis   .     (no boots)
MR     .....                    (no amulet)
Stlth  ..........               (no ring)
                                j - +4 ring of intelligence

@: not resistant to hostile enchantments, extremely unstealthy
A: claws 1, powered by death 1
a: no special abilities


You were on level 2 of the Dungeon.
You were not hungry.

You visited 1 branch of the dungeon, and saw 2 of its levels.

You collected 96 gold pieces.

Inventory:

Hand Weapons
 a - a +0 flail (weapon)
Armour
 b - a +0 scale mail (worn)
 c - a +0 shield (worn)
Jewellery
 e - a cursed ring of poison resistance {unknown}
 j - a +4 ring of intelligence (left claw)
Scrolls
 f - a scroll of teleportation {unknown}
 h - a scroll of amnesia {unknown}
 l - a scroll of enchant weapon {unknown}
 m - a scroll of identify {unknown}
 n - a scroll of enchant armour {unknown}
 o - a scroll of magic mapping {unknown}
 r - a scroll of remove curse {unknown}
Potions
 d - 2 potions of might
 g - a potion of lignification {unknown}
 i - a potion of agility {unknown}
 k - a potion of ambrosia {unknown}
 p - a potion of curing {unknown}
Comestibles
 q - 2 chunks of flesh


   Skills:
 + Level 3.8 Fighting
 + Level 2.6 Maces & Flails
 + Level 3.9 Armour
 + Level 1.7 Dodging
 + Level 0.4 Stealth
 + Level 3.6 Shields


You had 4 spell levels left.
You didn't know any spells.

Dungeon Overview and Level Annotations

Branches:
Dungeon (2/15)

Altars:


Innate Abilities, Weirdness & Mutations

You have sharp fingernails.
You regenerate a little health from kills.


Message History

The gnoll is severely wounded.
The gnoll hits you but does no damage. The gnoll barely misses you.
You closely miss the gnoll.
The gnoll is severely wounded.
You block the gnoll's attack. x2
The gnoll completely misses you.
You barely miss the gnoll.
The gnoll is severely wounded.
The gnoll barely misses you. x2
You hit the gnoll but do no damage.
The gnoll is severely wounded.
The gnoll hits you with a spear.
The gnoll hits you from afar with a halberd!
* * * LOW HITPOINT WARNING * * *
The gnoll hits you with a spear.
* * * LOW HITPOINT WARNING * * *
You sock the gnoll!
You kill the gnoll!
The gnoll hits you from afar with a halberd.
You die...

#.#.#.........
#.............
# #
###(########..
#. #. #)# #..
+.. #. #)# #..
#...#'##### #.#
#.. ....... ..#
#.# #..
#...)##g# #.#
#..
+....@..#+#.#
###
#....†......#
.........)....#
####..........#
+..........#
#......$...#
+.<........#
#..........#
#.###'##'#.#


You could see a gnoll.

Vanquished Creatures
  Jessica (D:2)
  Terence (D:2)
  5 gnolls (D:2)
  7 adders (D:2)
  3 oozes (D:1)
  3 worms (D:1)
  A giant gecko (D:2)
  5 goblins
  9 hobgoblins
  2 jackals (D:1)
  4 bats
  4 giant cockroaches
  2 giant newts
  6 kobolds
  8 rats
61 creatures vanquished.

Notes
Turn   | Place    | Note
--------------------------------------------------------------
     0 | D:1      | kaze the Demonspawn Fighter began the quest for the Orb.
     0 | D:1      | Reached XP level 1. HP: 18/18 MP: 1/1
     1 | D:1      | Found a runed door.
   241 | D:1      | Gained mutation: You regenerate a little health from kills. [demonic ancestry]
   241 | D:1      | Reached XP level 2. HP: 24/24 MP: 2/2
   277 | D:1      | Reached XP level 3. HP: 26/29 MP: 3/3
   448 | D:1      | Reached skill level 1 in Dodging
   862 | D:2      | HP: 1/29 [adder (3)]
   863 | D:2      | Gained mutation: You have sharp fingernails. [demonic ancestry]
   863 | D:2      | Reached XP level 4. HP: 1/35 MP: 4/4
  1636 | D:2      | Noticed Terence
  1644 | D:2      | Killed Terence
  1644 | D:2      | Reached XP level 5. HP: 30/41 MP: 5/5
  1662 | D:2      | Noticed Jessica
  1672 | D:2      | Killed Jessica
  1873 | D:2      | HP: 1/42 [gnoll/spear (4)]
  1874 | D:2      | Slain by a gnoll

Action                   |  1- 3 |  4- 6 || total
-------------------------+-------+-------++-------
Melee: Flail             |   118 |   124 ||   242
  Eat: Bread ration      |       |     1 ||     1
